 Dungeon Crawl Stone Soup version 0.30-a0-862-g1aabd4f9c5 (webtiles) character file.

Game seed: 2277412439348479195

252 qeuew the Shield-Bearer (level 6, -4/48 HPs)
             Began as a Formicid Fighter on Mar 9, 2023.
             Killed by divine providence
             ... invoked by an orc priest
              (12 damage)
             ... on level 4 of the Dungeon.
             The game lasted 00:02:56 (2333 turns).

qeuew the Shield-Bearer (Formicid Fighter)          Turns: 2333, Time: 00:02:57

Health: -4/48      AC:  8    Str: 20    XL:     6   Next: 36%
Magic:  5/5        EV: 12    Int:  8    God:
Gold:   156        SH:  0    Dex: 19    Spells: 5/5 levels left

rFire   . . .      SeeInvis +    a - +0 trident
rCold   . . .      Faith    .    c - +0 buckler
rNeg    . . .      Spirit   .    k - +3 leather armour "Ufios" {rElec Regen+}
rPois   .          Reflect  .    (helmet unavailable)
rElec   +          Rampage  .    g - +1 cloak
rCorr   .                        (no gloves)
Will    .....                    (no boots)
Stlth   +                        e - amulet of regeneration
HPRegen 0.00/turn                j - +6 ring of dexterity
MPRegen 0.09/turn                (no ring)

@: confused, ambrosia-drunk, inhibited regen
A: permanent stasis, dig shafts and tunnels, antennae 3, four strong arms, low
MP 1, inhibited regeneration, weak 1
a: Dig, Shaft Self


You were on level 4 of the Dungeon.
You visited 1 branch of the dungeon, and saw 4 of its levels.

You collected 156 gold pieces.

Inventory:

Hand Weapons
 a - a +0 trident (weapon)
Armour
 c - a +0 buckler (worn)
 g - a +1 cloak (worn)
 k - the +3 leather armour "Ufios" (worn) {rElec Regen+}
   (You found it on level 3 of the Dungeon)

   rElec:     It insulates you from electricity.
   Regen:     It increases your rate of health regeneration.
Jewellery
 e - an amulet of regeneration (around neck)
 j - a +6 ring of dexterity (left hand)
Wands
 l - a wand of polymorph (5)
 m - a wand of charming (7)
Scrolls
 h - 2 scrolls of identify
 i - a scroll of fog
 n - a scroll of poison {unknown}
Potions
 b - a potion of curing
 d - a potion of might
 o - a potion of heal wounds {unknown}


   Skills:
 + Level 4.1 Fighting
 * Level 3.6 Polearms
 * Level 4.7 Armour
 + Level 1.7 Dodging
 + Level 4.8 Shields
 + Level 0.5 Evocations


You had 5 spell levels left.
You didn't know any spells.
Your spell library contained the following spells:

 Spells                   Type           Power      Damage    Failure   Level
 Apportation              Tloc           0%         N/A       52%         1
 Summon Small Mammal      Summ           0%         N/A       52%         1
 Ensorcelled Hibernation  Hex/Ice        0%         N/A       67%         2
 Passwall                 Tmut/Erth      0%         N/A       67%         2
 Call Canine Familiar     Summ           0%         N/A       88%         3
 Inner Flame              Hex/Fire       0%         N/A       88%         3
 Summon Guardian Golem    Hex/Summ       0%         N/A       88%         3
 Flame Wave               Conj/Fire      0%         2d4       99%         4
 Sticky Flame             Conj/Fire      0%         2d3       99%         4
 Alistair's Intoxication  Tmut/Pois      0%         N/A       100%        5
 Swiftness                Air            Unusable   N/A       N/A         3

Dungeon Overview and Level Annotations

Branches:
Dungeon (4/15)
 Temple: D:4-7

Altars:
Sif Muna

Shops:
D:2 *


Innate Abilities, Weirdness & Mutations

You cannot be hasted, slowed, berserked, paralysed or teleported.
You can dig through walls and to a lower floor.
You have a pair of large antennae on your head. (SInv)
Your four strong arms can wield two-handed weapons with a shield.
Your magical capacity is low. (-10% MP)
You do not regenerate when monsters are visible.
You are weak. (Str -2)


Message History

No target in view!
No target in view!
No target in view!
You see here a +0 club.
An endoplasm comes into view.
An endoplasm is nearby!
An endoplasm is nearby!
An orc priest comes into view. It is wielding a +0 falchion.
The orc priest shouts!
You hear an angry hiss.
A hound comes into view.
An orc comes into view. It is wielding a +0 dagger.
The orc shouts!
An orc wizard comes into view. It is wielding a +0 dagger.
A wyvern comes into view.
The wyvern moves out of view.
The hound barks!
The orc wizard shouts!
The endoplasm quivers.
You reach to attack!
You completely miss the wyvern.
The wyvern bites you but does no damage.
You hit the wyvern.
The wyvern is lightly wounded.
You block the wyvern's attack. The wyvern bites you!
You puncture the wyvern!
The wyvern is moderately wounded.
The wyvern bites you. The endoplasm barely misses you.
You hit the wyvern.
The wyvern is heavily wounded.
The wyvern bites you. The endoplasm freezes you.
You are frozen.
The wyvern closely misses you. The endoplasm freezes you.
You are frozen.
The wyvern attacks as you move away! The wyvern bites you! x2
* * * LOW HITPOINT WARNING * * *
Unknown command.
You are confused.
You feel invigorated. The wyvern barely misses you.
The orc priest mumbles some strange prayers to Beogh against you.
Beogh smites you!
You die...

# #..........# #.
#..........#
###.###
#.........)###
#......
########......
#...... ##.###.
#.....o #.#
#....oh### #.###
#....oJl.###
#...##
########@..##
###..#
###..###########.#
##.........)...#
###############


You could see a wyvern, a hound, an orc priest, an orc wizard, an orc and an
endoplasm.

Vanquished Creatures
  A scorpion (D:3)
  A jelly (D:4)
  A hound (D:4)
  Ijyb (D:4)
  An orc wizard (D:3)
  3 adders
  A worm (D:2)
  A dart slug (D:2)
  2 orcs (D:3)
  3 ball pythons (D:2)
  6 endoplasms
  5 goblins
  2 hobgoblins
  2 jackals (D:1)
  5 kobolds
  4 quokkas
  5 bats
  2 frilled lizards
  3 rats
49 creatures vanquished.

Notes
Turn   | Place    | Note
-------+----------+-------------------------------------------
     0 | D:1      | qeuew the Formicid Fighter began the quest for the Orb.
     0 | D:1      | Reached XP level 1. HP: 18/18 MP: 1/1
    74 | D:1      | Reached XP level 2. HP: 7/24 MP: 2/2
   516 | D:2      | Reached XP level 3. HP: 29/29 MP: 3/3
   543 | D:2      | Found Alosk's General Store.
  1183 | D:2      | Reached skill level 1 in Dodging
  1361 | D:2      | Reached XP level 4. HP: 36/36 MP: 4/4
  1367 | D:2      | Gained mutation: You are weak. (Str -2) [potion of
                  | mutation]
  1367 | D:2      | Gained mutation: Your magical capacity is low. (-10% MP)
                  | [potion of mutation]
  1367 | D:2      | Gained mutation: You do not regenerate when monsters are
                  | visible. [potion of mutation]
  1607 | D:3      | Found a shimmering blue altar of Sif Muna.
  1611 | D:3      | Reached XP level 5. HP: 42/42 MP: 4/4
  1669 | D:3      | Identified the +3 leather armour "Ufios" {rElec Regen+}
  2179 | D:4      | Reached XP level 6. HP: 14/48 MP: 5/5
  2233 | D:4      | Noticed Ijyb
  2267 | D:4      | Killed Ijyb
  2326 | D:4      | Noticed a wyvern
  2333 | D:4      | Killed from afar by an orc priest

Illustrated notes

Levels and vault maps discovered:
D:1:      psy_arrival_heroes, layout_rooms
D:2:      layout_loops_corners, serial_shops, shop, st_stairs_13
D:3:      layout_loops_ring, mainiacjoe_overflow_brackets
D:4:      layout_rooms, nicolae_overflow_crystal_walls,
          mainiacjoe_overflow_cross_hatched, hex_intersection, uniq_ijyb

Skill      XL: |  1  2  3  4  5 |
---------------+----------------+-----
Dodging        | 1 |  1.7
Armour         | 4 |  4.7
Polearms       | 3 |  3.6
Fighting       | 4 |  4.1
Shields        | |  4.8
Evocations     | |  0.5

Action                     |  1- 3 |  4- 6 || total
---------------------------+-------+-------++-------
  Melee: Trident           |    79 |   107 ||   186
    Use: Scroll            |     4 |     3 ||     7
         Potion            |     2 |     4 ||     6
   Stab: Sleeping          |       |     2 ||     2
 Armour: Scale mail        |    27 |    16 ||    43
         Leather armour    |       |    33 ||    33
  Dodge: Dodged            |    29 |    49 ||    78
  Block: Buckler           |     6 |    20 ||    26

Table legend: (Time is in decaauts)
 A = Elapsed time spent in this place.
 B = Non-inter-level travel time spent in this place.
 C = Inter-level travel time spent in this place.
 D = Time resting spent in this place.
 E = Time spent auto-exploring this place.
 F = Levels seen in this place.
 G = Mean time per level.
                   A        B        C        D        E       F      G
               +--------+--------+--------+--------+--------+-----+--------+
         Total |   2366 |   2236 |    130 |      0 |   1764 |   4 |  591.5 |
       Dungeon |   2366 |   2236 |    130 |      0 |   1764 |   4 |  591.5 |
               +--------+--------+--------+--------+--------+-----+--------+

Top non-repeatable levels by time:
     D:2: 905 daAuts
     D:3: 762 daAuts
     D:1: 520 daAuts
     D:4: 178 daAuts
